 Dungeon Crawl Stone Soup version 0.18.1-48-g4cf74bf (webtiles) character file.

116 tyranidshit the Grave Robber (level 4, -1/40 HPs)
             Began as a Deep Dwarf Necromancer on July 12, 2016.
             Slain by a killer bee (4 damage)
             ... on level 3 of the Dungeon.
             The game lasted 00:12:27 (1905 turns).

tyranidshit the Grave Robber (DDNe)                 Turns: 1905, Time: 00:12:28

Health: -1/40      AC:  2    Str: 12    XL:     4   Next: 70%
Magic:  2/8        EV: 12    Int: 16    God:
Gold:   79         SH:  0    Dex: 13    Spells: 2 memorised, 5 levels left

rFire  . . .     SeeInvis .     h - +0 spear
rCold  . . .     Gourm    .     a - +0 robe
rNeg   . . .     Faith    .     (no shield)
rPois  .         Spirit   .     (no helmet)
rElec  .         Dismiss  .     (no cloak)
rCorr  .         Reflect  .     (no gloves)
SustAt .         Harm     .     (no boots)
MR     .....                    (no amulet)
Stlth  +.........               (no ring)
                                (no ring)

@: lethally poisoned (-1 -> -1), non-regenerating, drained, not resistant to
hostile enchantments, very unstealthy
A: damage resistance, recharge devices, sense surroundings 1, slow regeneration
3
a: Device Recharging


You were on level 3 of the Dungeon.
You were not hungry.

You visited 1 branch of the dungeon, and saw 3 of its levels.
You also visited: Sewer.

You collected 79 gold pieces.

Inventory:

Hand Weapons
 h - a +0 spear (weapon)
Missiles
 o - 10 poisoned needles
Armour
 a - a +0 robe (worn)
Jewellery
 s - an uncursed amulet of harm
 t - an uncursed amulet of inaccuracy
Wands
 c - a wand of heal wounds (7/9)
 e - a wand of polymorph (1/24)
Scrolls
 m - a scroll of random uselessness
 n - a scroll of remove curse
Potions
 g - 2 potions of brilliance
 i - a potion of might
 l - a potion of curing
Books
 b - a book of Necromancy

   Spells                             Type                      Level
   a - Pain                           Necromancy                   1
   b - Animate Skeleton               Necromancy                   1
   c - Vampiric Draining              Necromancy                   3
   d - Regeneration                   Charms/Necromancy            3
   e - Animate Dead                   Necromancy                   4
   f - Control Undead                 Necromancy                   4
Comestibles
 d - a bread ration
 f - 3 slices of pizza
 p - a royal jelly


   Skills:
 + Level 2.6(2.3) Fighting
 - Level 2.1(1.8) Dodging
 - Level 2.4(2.0) Stealth
 + Level 3.2(2.8) Spellcasting
 - Level 4.3(3.9) Necromancy


You had 5 spell levels left.
You knew the following spells:

 Your Spells              Type           Power        Failure   Level  Hunger
a - Pain                  Necr           ###.         4%          1    #......
b - Vampiric Draining     Necr           ###.......   12%         3    ###....


Dungeon Overview and Level Annotations

Branches:
Dungeon (3/15)

Altars:
Nemelex Xobeh
Qazlal
Ru
Xom
The Shining One


Innate Abilities, Weirdness & Mutations

You are resistant to damage.
You can recharge devices by infusing magical energy.
You passively map a small area around you.
You do not regenerate naturally.


Message History

Evoke which item? (* to show all) (? for menu, Esc to quit)
Zapping:
e - a wand of polymorph (2/24)
Press: ? - help, Shift-Dir - straight line, f/p - swamp drake
Aim: a swamp drake (chance to defeat MR: 46%)
The swamp drake resists with some effort.
This wand has 1 charge left.
The killer bee stings you. x2
The swamp drake bites you.
You enter the shallow water.
Moving in this stuff is going to be slow.
The killer bee closely misses you.
The killer bee stings you but does no damage.
The swamp drake barely misses you. The killer bee barely misses you.
The swamp drake misses you. The killer bee barely misses you.
The killer bee stings you. The killer bee barely misses you.
You see here a giant gecko corpse.
The killer bee stings you. The swamp drake completely misses you.
The killer bee stings you. The swamp drake bites you!
* * * LOW HITPOINT WARNING * * *
The killer bee stings you.
You die...

#... , , , #....... *, ..
........, , ,...*#....., ,
, , ...##..... ,,,, * ,
.........###########.. , ..
#...........≈@y≈≈≈≈≈≈...
..##...........†≈k≈.≈≈≈≈...
,
........#......†≈≈≈≈≈≈≈≈...
,
........#....##############
* ........#....# ,, , ,
........#....# # ,
..##.......#####..# * , ,
................... , , ,
...........<......# *


You could see a swamp drake and a killer bee.

Vanquished Creatures
  2 gnolls (D:2)
  4 adders (D:2)
  A worm (D:2)
  A dart slug (D:2)
  3 giant geckos (D:3)
  5 giant cockroaches
  5 goblins
  7 hobgoblins
  9 bats
  2 giant newts (D:1)
  7 kobolds
  6 rats
52 creatures vanquished.

Notes
Turn   | Place    | Note
--------------------------------------------------------------
     0 | D:1      | tyranidshit the Deep Dwarf Necromancer began the quest for the Orb.
     0 | D:1      | Reached XP level 1. HP: 15/15 MP: 3/3
   316 | D:1      | Reached skill level 1 in Fighting
   317 | D:1      | Reached XP level 2. HP: 21/25 MP: 1/5
   737 | D:2      | Reached XP level 3. HP: 23/32 MP: 3/6
   770 | D:2      | Learned a level 3 spell: Vampiric Draining
   774 | D:2      | Found a sparkling altar of Nemelex Xobeh.
  1199 | D:2      | Reached XP level 4. HP: 32/39 MP: 1/8
  1244 | D:2      | Found a stormy altar of Qazlal.
  1323 | D:2      | Found a shimmering altar of Xom.
  1382 | D:2      | Found a glowing golden altar of the Shining One.
  1610 | D:2      | Found a sacrificial altar of Ru.
  1790 | D:3      | Found a glowing drain.
  1837 | Sewer    | Entered a sewer
  1862 | Sewer    | Noticed a big kobold
  1901 | D:3      | Noticed a swamp drake
  1901 | D:3      | a big kobold changed into a swamp drake
  1905 | D:3      | Slain by a killer bee

Skill      XL: |  1  2  3  4 |
---------------+-------------+-----
Spellcasting   | 2 3 |  3.2
Fighting       | 1 2 |  2.6
Dodging        | |  2.1
Stealth        | |  2.4
Necromancy     | |  4.3

Action                   |  1- 3 |  4- 6 || total
-------------------------+-------+-------++-------
Melee: Spear             |    51 |    64 ||   115
       Unarmed           |     3 |       ||     3
 Cast: Pain              |    35 |    23 ||    58
       Vampiric Draining |     9 |     8 ||    17
Evoke: Wand              |       |     7 ||     7
  Use: Scroll            |     3 |     1 ||     4
       Potion            |     2 |     6 ||     8
 Stab: Sleeping          |     1 |     1 ||     2
  Eat: Bread ration      |     1 |     1 ||     2
Armor: Robe              |    30 |    16 ||    46
Dodge: Dodged            |    78 |    76 ||   154
